 Seeded DCSS version 0.27-a0-1219-g958d993ae5 (webtiles) character file.

Game seed: 49 (custom seed)

42 Snicker the Sneak (level 3, -1/27 HPs)
             Began as a Demonspawn Brigand on June 6, 2021.
             Succumbed to an adder's poison
             ... on level 2 of the Dungeon.
             The game lasted 00:01:56 (1671 turns).

Snicker the Sneak (Demonspawn Brigand)              Turns: 1671, Time: 00:01:57

Health: -1/27      AC:  3    Str: 11    XL:     3   Next: 33%
Magic:  3/3        EV: 11    Int: 12    God:
Gold:   56         SH:  4    Dex: 15    Spells: 2/2 levels left

rFire    . . .     SeeInvis .   a - +2 dagger
rCold    . . .     Faith    .   (no shield)
rNeg     . . .     Spirit   .   b - +0 robe
rPois    .         Reflect  .   (no helmet)
rElec    .         Harm     .   c - +0 cloak
rCorr    .         Rampage  .   (no gloves)
Will     .....                  (no boots)
Stlth    +++.......             (no amulet)
HPRegen  0.09/turn              (no ring)
MPRegen  0.08/turn              (no ring)

@: brilliant, lethally poisoned (-1 -> -9)
A: hooves 1, large bone plates 1
a: no special abilities


You were on level 2 of the Dungeon.
You visited 1 branch of the dungeon, and saw 2 of its levels.

You collected 56 gold pieces.

Inventory:

Hand Weapons
 a - a +2 dagger (weapon)
Missiles
 d - 7 poisoned darts (quivered)
Armour
 b - a +0 robe (worn)
 c - a +0 cloak (worn)
Scrolls
 f - a scroll of acquirement {unknown}
 g - 2 scrolls of enchant armour {unknown}
 h - 2 scrolls of identify {unknown}
 j - a scroll of teleportation {unknown}


   Skills:
 + Level 2.0 Fighting
 * Level 2.2 Short Blades
 + Level 1.7 Throwing
 + Level 0.8 Dodging
 * Level 4.6 Stealth


You had 2 spell levels left.
You didn't know any spells.
Your spell library was empty.

Dungeon Overview and Level Annotations

Branches:
Dungeon (2/15)

Altars:


Innate Abilities, Weirdness & Mutations

You have large cloven feet.
You are partially covered in large bone plates. (SH +4)


Message History

* * * LOW HITPOINT WARNING * * *
You are poisoned.
The adder poisons you!
Unknown command.
You are brilliant.
You are seriously poisoned (8 -> 1).
Your movement speed is average.
Your attack delay is about 0.8.
Unknown command.
Unknown command.
Unknown command.
Unknown command.
Unknown command.
You aren't carrying any items that you can evoke.
Unknown command.
Unknown command.
* * * LOW HITPOINT WARNING * * *
You feel sick. The adder bites you but does no damage.
Throw: 2 darts (curare)
Press: ? - help, Q - select action, (/) - cycle Shift-Dir - straight line, f - adder
Aim: an adder (heavily wounded, 40% to hit)
You throw a curare-tipped dart.
The curare-tipped dart misses the adder.
* * * LOW HITPOINT WARNING * * *
You feel sick. The adder closely misses you.
Throw: dart (curare)
Press: ? - help, Q - select action, (/) - cycle Shift-Dir - straight line, f/p - adder
Aim: an adder (heavily wounded, 40% to hit)
You throw a curare-tipped dart.
The curare-tipped dart closely misses the adder.
* * * LOW HITPOINT WARNING * * *
You feel sick. The adder bites you.
* * * LOW HITPOINT WARNING * * *
You are more poisoned.
The adder poisons you!
Unknown command.
Throw: 8 darts (poison)
Press: ? - help, Q - select action Shift-Dir - straight line, f/p - adder
Aim: an adder (heavily wounded, 40% to hit)
You throw a poisoned dart.
The poisoned dart barely misses the adder.
You die...

######## #.# ..# [......#
#.##..###.....
######.#######.#...........
#.......#.............
#######.#..........?..
#.#<..........# .#
#(............# .#
###...........# .#
#..@S)$...).# .#########
#...........# .........#
#...........# .......>.#
#.######+#+## .........#
#.# .........# #.#
...รท.....# #. ...<.....#
###......#


You could see an adder.

Vanquished Creatures
  An adder (D:2)
  A worm (D:2)
  2 ball pythons
  6 bats
  3 endoplasms (D:2)
  A giant cockroach (D:1)
  2 goblins (D:1)
  A hobgoblin (D:1)
  5 kobolds
  3 quokkas
  2 rats (D:1)
27 creatures vanquished.

Vanquished Creatures (others)
  A demonic plant (D:2)
1 creature vanquished.

Grand Total: 28 creatures vanquished

Notes
Turn   | Place    | Note
-------+----------+-------------------------------------------
     0 | D:1      | Snicker the Demonspawn Brigand began the quest for the Orb.
     0 | D:1      | Reached XP level 1. HP: 16/16 MP: 1/1
   154 | D:1      | Reached skill level 4 in Stealth
   165 | D:1      | Gained mutation: You are partially covered in large bone
                  | plates. (SH +4) [demonic ancestry]
   165 | D:1      | Reached XP level 2. HP: 18/22 MP: 2/2
   942 | D:2      | Gained mutation: You have large cloven feet. [demonic
                  | ancestry]
   942 | D:2      | Reached XP level 3. HP: 10/27 MP: 3/3
  1357 | D:2      | Found a faded altar of an unknown god.
  1670 | D:2      | HP: 1/27 [adder (4)]
  1671 | D:2      | Succumbed to an adder's poison

Illustrated notes

Levels and vault maps discovered:
D:1:      sevenhm_arrival_forest_fort_small_4, layout_loops_ring
D:2:      layout_basic, shapermc_ecumenical_altar_gd, serial_bayou_pond_e,
          uniq_terence

Skill      XL: |  1  2 |
---------------+-------+-----
Stealth        | 4 |  4.6
Short Blades   | 2 |  2.2
Fighting       | |  2.0
Throwing       | |  1.7
Dodging        | |  0.8

Action                   || total
-------------------------++-------
Melee: Dagger            ||    77
       Kick              ||     8
Throw: Dart              ||     3
  Use: Potion            ||     2
 Stab: Sleeping          ||    10
Armor: Robe              ||    18
Dodge: Dodged            ||    45
Block: Other             ||     9

Table legend: (Time is in decaauts)
 A = Elapsed time spent in this place.
 B = Non-inter-level travel time spent in this place.
 C = Inter-level travel time spent in this place.
 D = Time resting spent in this place.
 E = Time spent auto-exploring this place.
 F = Levels seen in this place.
 G = Mean time per level.
                   A        B        C        D        E       F      G
               +--------+--------+--------+--------+--------+-----+--------+
         Total |   1669 |   1635 |     34 |    319 |   1104 |   2 |  834.5 |
       Dungeon |   1669 |   1635 |     34 |    319 |   1104 |   2 |  834.5 |
               +--------+--------+--------+--------+--------+-----+--------+

Top non-repeatable levels by time:
     D:1: 929 daAuts
     D:2: 740 daAuts
